 Dungeon Crawl Stone Soup version 0.28-a0-1206-g193881aaa2 (webtiles) character file.

Game seed: 5384584269490528850

29 browni3141 the Gusty (level 3, -3/24 HPs)
             Began as a Human Air Elementalist on Dec 20, 2021.
             Slain by Crazy Yiuf (18 damage)
             ... on level 2 of the Dungeon.
             The game lasted 00:02:32 (2385 turns).

browni3141 the Gusty (Human Air Elementalist)       Turns: 2385, Time: 00:02:32

Health: -3/24      AC:  4    Str:  8    XL:     3   Next: 32%
Magic:  2/6        EV: 12    Int: 17    God:
Gold:   51         SH:  0    Dex: 13    Spells: 3/6 levels left

rFire   . . .      SeeInvis .   n - +0 rapier
rCold   . . .      Faith    .   (no shield)
rNeg    . . .      Spirit   .   a - +0 robe
rPois   .          Reflect  .   (no helmet)
rElec   .          Harm     .   k - +1 cloak
rCorr   .          Rampage  .   (no gloves)
Will    .....                   (no boots)
Stlth   ++........              (no amulet)
HPRegen 0.08/turn               c - ring of flight
MPRegen 0.10/turn               (no ring)

@: flying
A: no striking features
a: no special abilities


You were on level 2 of the Dungeon.
You visited 1 branch of the dungeon, and saw 2 of its levels.

You collected 51 gold pieces.

Inventory:

Hand Weapons
 d - a +0 short sword
 n - a +0 rapier (weapon)
Missiles
 j - 20 poisoned darts
 o - 12 sling bullets
Armour
 a - a +0 robe (worn)
 k - a +1 cloak (worn)
Jewellery
 c - a ring of flight (left hand)
Scrolls
 b - a scroll of magic mapping {unknown}
 g - 2 scrolls of immolation {unknown}
 l - a scroll of teleportation {unknown}
 m - 2 scrolls of identify {unknown}
Potions
 e - a potion of resistance {unknown}
 f - a potion of invisibility {unknown}
 h - 2 potions of haste {unknown}
 i - a potion of heal wounds {unknown}


   Skills:
 - Level 2.0 Dodging
 - Level 2.0 Stealth
 - Level 2.0 Spellcasting
 - Level 1.0 Conjurations
 * Level 4.2 Air Magic


You had 3 spell levels left.
You knew the following spells:

 Your Spells              Type           Power      Damage    Failure   Level
a - Shock                 Conj/Air       40%        1d5       7%          1
b - Static Discharge      Conj/Air       10%        N/A       10%         2

Your spell library contained the following spells:

 Spells                   Type           Power      Damage    Failure   Level
 Swiftness                Air            16%        N/A       11%         3
 Slow                     Hex            4%         N/A       19%         1
 Confusing Touch          Hex            1%         N/A       50%         3
 Vampiric Draining        Necr           1%         2d6       50%         3
 Airstrike                Air            8%         N/A       34%         4


Dungeon Overview and Level Annotations

Branches:
Dungeon (2/15)

Altars:

Annotations:
D:2 Crazy Yiuf


Message History

There is an open door here.
There is an open door here.
Things that are here:
a +0 club; a goblin skeleton
Found a stone staircase leading down.
There is a stone staircase leading down here.
You now have 51 gold pieces (gained 11).
Found a mace.
Found a runed translucent door.
There is an open door here.
You reach down and open the door.
There is an open door here.
There is a stone staircase leading down here.
There is a stone staircase leading down here.
There is an open door here.
Things that are here:
a +0 club; a goblin skeleton
There is an open door here.
There is an open door here.
There is a faded altar of an unknown god here.
There is an open door here.
There is an open door here.
You see here a +0 club.
There is a stone staircase leading down here.
Unknown command.
As you open the door, it creaks loudly!
Crazy Yiuf shouts!
The zap hits Crazy Yiuf.
Crazy Yiuf is moderately wounded.
The zap hits Crazy Yiuf.
Crazy Yiuf is moderately wounded.
The zap hits Crazy Yiuf.
Crazy Yiuf is heavily wounded.
The zap hits Crazy Yiuf.
Crazy Yiuf is severely wounded.
The zap hits Crazy Yiuf but does no damage.
Crazy Yiuf is severely wounded.
The zap misses Crazy Yiuf.
Crazy Yiuf hits you with a +3 quarterstaff of chaos!
You are electrocuted!!
Ouch! That really hurt!
You die...

#.#
#.#......#..........
#.######
##########.##.......
#>#....#
#...'.....##
#.#....# #####
##..#.....# #.#....#
#)..# #...#.....#
#.#....# #...#
#...#.#'### #.#....#
... #...#.#.#
#.#....# #g#
#.#...#.#
#####......# ♣@♣♣
#.#.###.#
...........# ♣♣.♣
#.'.# #.#
...........# ♣.♣♣
#.#######
<..........# ♣♣.♣
#..#.P..##
...........# ♣♣.♣♣
##.#P....###
+#.####+#..# ♣♣...♣
#.'......_P .#.#
#.#..# ♣....♣
###.....### .#.#
#....# #....#
#P...## '#.#
#....#####..##
######


You could see Crazy Yiuf.

Vanquished Creatures
  An adder (D:1)
  4 endoplasms
  A hobgoblin (D:2)
  3 kobolds
  3 quokkas
  2 ball pythons
  A frilled lizard (D:1)
  2 goblins
  A rat (D:1)
18 creatures vanquished.

Notes
Turn   | Place    | Note
-------+----------+-------------------------------------------
     0 | D:1      | browni3141 the Human Air Elementalist began the quest for
                  | the Orb.
     0 | D:1      | Reached XP level 1. HP: 13/13 MP: 3/3
   540 | D:1      | Reached XP level 2. HP: 12/19 MP: 0/5
   874 | D:1      | Learned a level 2 spell: Static Discharge
  1689 | D:2      | Reached skill level 4 in Air Magic
  1689 | D:2      | Reached XP level 3. HP: 24/24 MP: 2/6
  2060 | D:2      | Found a faded altar of an unknown god.
  2148 | D:2      | Found a runed translucent door.
  2149 | D:2      | Noticed Crazy Yiuf
  2385 | D:2      | Slain by Crazy Yiuf

Illustrated notes

Levels and vault maps discovered:
D:1:      tarquinn_simple_flora_water_b, layout_loops_corners,
          serial_co_window_serial, co_window_of_opportunity_a,
          co_window_paths_a, co_window_paths_a, co_window_paths_b,
          co_window_paths_b, co_window_cross_1, co_window_paths_b,
          co_window_of_opportunity_a, co_window_of_opportunity_a,
          co_window_broadway_c, co_window_corner_cb, co_window_cross_4,
          co_window_of_opportunity_b, co_window_2corner,
          co_window_of_opportunity_c, glass_columns_a, glass_columns_a,
          glass_columns_a, glass_columns_a
D:2:      layout_basic, shapermc_ecumenical_altar_flowoftime, uniq_natasha,
          uniq_crazy_yiuf_cottage

Skill      XL: |  1  2 |
---------------+-------+-----
Air Magic      | 4 |  4.2
Dodging        | |  2.0
Stealth        | |  2.0
Spellcasting   | |  2.0
Conjurations   | |  1.0

Action                   || total
-------------------------++-------
Melee: Unarmed           ||     6
       Rapier            ||     5
 Cast: Shock             ||    50
 Stab: Sleeping          ||     1
Armor: Robe              ||     5
Dodge: Dodged            ||    16

Table legend: (Time is in decaauts)
 A = Elapsed time spent in this place.
 B = Non-inter-level travel time spent in this place.
 C = Inter-level travel time spent in this place.
 D = Time resting spent in this place.
 E = Time spent auto-exploring this place.
 F = Levels seen in this place.
 G = Mean time per level.
                   A        B        C        D        E       F      G
               +--------+--------+--------+--------+--------+-----+--------+
         Total |   2385 |   2234 |    151 |     51 |   1991 |   2 | 1192.5 |
       Dungeon |   2385 |   2234 |    151 |     51 |   1991 |   2 | 1192.5 |
               +--------+--------+--------+--------+--------+-----+--------+

Top non-repeatable levels by time:
     D:1: 1540 daAuts
     D:2: 845 daAuts
